 Dungeon Crawl Stone Soup version 0.23-a0-586-gacb4b3f (webtiles) character file.

15 reaverb the Grave Robber (level 2, -1/26 HPs)
             Began as a Deep Dwarf Necromancer on Dec 20, 2018.
             Slain by Terence
             ... wielding a +0 trident
              (6 damage)
             ... on level 2 of the Dungeon.
             The game lasted 00:02:02 (377 turns).

reaverb the Grave Robber (Deep Dwarf Necromancer)    Turns: 377, Time: 00:02:03

Health: -1/26      AC:  2    Str: 11    XL:     2   Next: 34%
Magic:  4/4        EV: 18    Int: 15    God:
Gold:   8          SH:  0    Dex: 18    Spells: 2/4 levels left

rFire    + . .     SeeInvis .   e - +0 hand axe
rCold    . . .     Gourm    .   (no shield)
rNeg     . . .     Faith    .   a - +0 robe
rPois    .         Spirit   .   (no helmet)
rElec    .         Reflect  .   (no cloak)
rCorr    .         Harm     .   (no gloves)
MR       .....                  (no boots)
Stlth    +++.......             (no amulet)
HPRegen  0.00/turn              b - ring of protection from fire
MPRegen  0.09/turn              (no ring)

@: agile, non-regenerating
A: damage resistance, heal wounds, sense surroundings 1, no regeneration
a: Heal Wounds


You were on level 2 of the Dungeon.
You were not hungry.

You visited 1 branch of the dungeon, and saw 2 of its levels.

You collected 8 gold pieces.

Notes
Turn   | Place    | Note
-------+----------+-------------------------------------------
     0 | D:1      | reaverb the Deep Dwarf Necromancer began the quest for the
                  | Orb.
     0 | D:1      | Reached XP level 1. HP: 15/15 MP: 3/3
    82 | D:1      | Reached skill level 1 in Fighting
   212 | D:1      | Reached XP level 2. HP: 20/25 MP: 0/4
   215 | D:1      | Huge Dmg: 7 Dmg
   304 | D:1      | Learned a level 1 spell: Animate Skeleton
   351 | D:1      | You fall through a shaft!
   351 | D:2      | Noticed Terence
   355 | D:2      | Huge Dmg: 6 Dmg
   369 | D:2      | Found a basalt altar of Yredelemnul.
   376 | D:2      | Huge Dmg: 3 Dmg
   377 | D:2      | Huge Dmg: 4 Dmg
   377 | D:2      | Slain by Terence

Inventory:

Hand Weapons
 e - a +0 hand axe (weapon)
Armour
 a - a +0 robe (worn)
Jewellery
 b - a ring of protection from fire (left hand)
Potions
 d - a potion of lignification {!q}
Comestibles
 c - a ration
 g - a chunk of flesh

Table legend:
 A = Turns spent in this place as a percentage of turns spent in the entire game.
 B = Non-inter-level travel turns spent in this place as a percentage of non-inter-level travel turns spent in the entire game.
 C = Inter-level travel turns spent in this place as a percentage of turns spent in this place.
 D = Turns resting spent in this place as a percentage of non-inter-level travel turns spent in this place.
 E = Turns spent auto-exploring this place as a percentage of non-inter-level travel turns spent in this place.
 F = Non-inter-level travel turns spent in this place divided by the number of levels of this place that you've seen.
                   A       B       C       D       E      F
               +-------+-------+-------+-------+-------+----------------------
         Total | 100.0 | 100.0 |   0.0 |  33.7 |  23.3 | 188.5
       Dungeon | 100.0 | 100.0 |   0.0 |  33.7 |  23.3 | 188.5
               +-------+-------+-------+-------+-------+----------------------


   Skills:
 + Level 1.8 Fighting
 - Level 2.1 Dodging
 - Level 2.4 Stealth
 + Level 1.8 Spellcasting
 - Level 4.3 Necromancy


You had 2 spell levels left.
You knew the following spells:

 Your Spells              Type           Power        Failure   Level  Hunger
a - Pain                  Necr           ##..         3%          1    ##.....
b - Animate Skeleton      Necr           N/A          3%          1    ##.....

Your spell library contained the following spells:

 Spells                   Type           Power        Failure   Level  Hunger
 Vampiric Draining        Necr           ##........   11%         3    ####...
 Animate Dead             Necr           N/A          36%         4    #####..
 Regeneration             Chrm/Necr      Unusable     N/A         3    N/A

Dungeon Overview and Level Annotations

Branches:
Dungeon (1/15)

Altars:
Yredelemnul

Annotations:
D:2 Terence


Innate Abilities, Weirdness & Mutations

You are resistant to damage.
You can heal yourself by infusing magical energy.
You passively map a small area around you.
You do not regenerate.


Message History

Casting: Pain (safe; 3% risk of failure)
Confirm with . or Enter, or press ? or * to list all spells.
Aiming: Pain (safe; 3% risk of failure)
Press: ? - help, Shift-Dir - straight line, f - hobgoblin
Aim: a hobgoblin (chance to defeat MR: 85%)
The hobgoblin barely resists.
Casting: Pain (safe; 3% risk of failure)
Confirm with . or Enter, or press ? or * to list all spells.
Aiming: Pain (safe; 3% risk of failure)
Press: ? - help, Shift-Dir - straight line, f/p - hobgoblin
Aim: a hobgoblin (chance to defeat MR: 85%)
The hobgoblin writhes in agony!
Casting: Pain (safe; 3% risk of failure)
Confirm with . or Enter, or press ? or * to list all spells.
Aiming: Pain (safe; 3% risk of failure)
Press: ? - help, Shift-Dir - straight line, f/p - hobgoblin
Aim: a hobgoblin (almost dead, chance to defeat MR: 85%)
The hobgoblin writhes in agony!
You kill the hobgoblin!
You start resting.
Magic restored.
The bat is too close now for your liking.
A bat is nearby!
You fall through a shaft!
The shaft crumbles and collapses.
Terence the Incautious comes into view.
He is wielding a +0 trident.
Terence shouts!
Found a scroll labeled BAYMMIUS TAIGU and a scroll labeled NAMUSCHOXYM.
Found a stone staircase leading down.
A rat, a quokka and a giant cockroach come into view.
Unknown command.
Unknown command.
Unknown command.
Unknown command.
Unknown command.
Unknown command.
As you read the scroll labeled BAYMMIUS TAIGU, it crumbles to dust.
It is a scroll of identify.
d - a potion of lignification Terence closely misses you.
As you read the scroll labeled GIETIU IDINK, it crumbles to dust.
You feel blessed for a moment.
It was a scroll of remove curse.
You aren't carrying any scrolls.
Unknown command.
Okay, then.
Unknown command.
Unknown command.
Unknown command.
Unknown command.
Unknown command.
Terence hits you from afar with a +0 trident!
Huge Dmg: -23%(-6hp) hp: 54%(14hp) Terence barely misses you.
The giant cockroach misses you.
The quokka bites you but does no damage.
The quokka bites you.
You open the door.
A spectral orc comes into view.
The quokka misses you.
Found a basalt altar of Yredelemnul.
The quokka barely misses you.
There is an open door here.
You aren't carrying any scrolls.
It was a potion of agility.
You feel agile all of a sudden. Terence misses you.
The quokka closely misses you.
The spectral orc passes through a web.
You hit the quokka.
The quokka is moderately wounded.
Terence misses you. The quokka bites you.
* * * LOW HITPOINT WARNING * * *
Damage: -4%(-1hp) hp: 50%(13hp)
You barely miss the quokka.
The quokka is moderately wounded.
You hit the spectral orc. The quokka closely misses you. Terence misses you.
The spectral orc hits you.
* * * LOW HITPOINT WARNING * * *
The quokka closely misses you. Terence completely misses you.
Damage: -3%(-1hp) hp: 47%(12hp)
You hit the quokka.
You kill the quokka!
You hit the spectral orc but do no damage.
The spectral orc closely misses you. Terence barely misses you.
Terence hits you with a +0 trident.
* * * LOW HITPOINT WARNING * * *
You see here a quokka corpse.
Huge Dmg: -12%(-3hp) hp: 35%(9hp)
You hit Terence but do no damage.
You hit the spectral orc but do no damage.
The spectral orc hits you.
* * * LOW HITPOINT WARNING * * *
Terence hits you with a +0 trident.
* * * LOW HITPOINT WARNING * * *
The spectral orc barely misses you.
The rat twitches its whiskers.
Huge Dmg: -15%(-4hp) hp: 20%(5hp)
You hit Terence but do no damage.
You hit the spectral orc but do no damage.
Terence hits you with a +0 trident!
You die...

#.?....≈≈≈≈>.. ,
#####.#≈≈≈.... ,
########r##?....#
.._.^ #.# ######*
##...###s#
#^.^..##.# *#^.^#
#.# *#Z# ##.#
#@###..# #.@r..##
#######


You could see a spectral orc, Terence and a rat.

Table legend:
 A = Kills in this place as a percentage of kills in entire the game.
 B = Kills by you in this place as a percentage of kills by you in the entire game.
 C = Kills by friends in this place as a percentage of kills by friends in the entire game.
 D = Other kills in this place as a percentage of other kills in the entire game.
 E = Experience gained in this place as a percentage of experience gained in the entire game.
 F = Experience gained in this place divided by the number of levels of this place that you have seen.
                   A       B       C       D       E      F
               +-------+-------+-------+-------+-------+----------------------
         Total | 100.0 | 100.0 |   N/A |   N/A | 100.0 |  11.0
       Dungeon | 100.0 | 100.0 |   N/A |   N/A | 100.0 |  11.0
               +-------+-------+-------+-------+-------+----------------------

Vanquished Creatures
  A dart slug (D:1)
  3 goblins (D:1)
  4 hobgoblins (D:1)
  A quokka (D:2)
  2 frilled lizards (D:1)
11 creatures vanquished.

Action                   || total
-------------------------++-------
Melee: Unarmed           ||     6
       Hand axe          ||     8
 Cast: Pain              ||    20
 Abil: Heal Wounds       ||     1
  Use: Scroll            ||     2
       Potion            ||     1
Armor: Robe              ||     1
Dodge: Dodged            ||    21
